 Dungeon Crawl Stone Soup version 0.28-a0-1152-g9c71ebef14 (webtiles) character file.

Game seed: 4687880863615956063

179 SensoryNuts the Ducker (level 5, -1/53 HPs)
             Began as a Troll Fighter on Dec 14, 2021.
             Slain by an adder (2 damage)
             ... on level 4 of the Dungeon.
             The game lasted 00:02:56 (2103 turns).

SensoryNuts the Ducker (Troll Fighter)              Turns: 2103, Time: 00:02:56

Health: -1/53      AC:  4    Str: 26    XL:     5   Next: 33%
Magic:  4/4        EV:  8    Int:  4    God:
Gold:   168        SH:  9    Dex:  9    Spells: 4/4 levels left

rFire   . . .      SeeInvis .   a - +1 flail
rCold   . . .      Faith    .   c - +2 kite shield
rNeg    . . .      Spirit   .   b - +0 robe
rPois   .          Reflect  .   (helmet restricted)
rElec   .          Harm     .   (no cloak)
rCorr   .          Rampage  .   (gloves unavailable)
Will    .....                   (boots unavailable)
Stlth   +.........              (no amulet)
HPRegen 0.97/turn               (no ring)
MPRegen 0.09/turn               (no ring)

@: no status effects
A: large, unfitting armour, claws 3, regeneration 1, shaggy fur 1, tough skin 1
a: no special abilities


You were on level 4 of the Dungeon.
You visited 1 branch of the dungeon, and saw 4 of its levels.

You collected 168 gold pieces.

Inventory:

Hand Weapons
 a - a +1 flail (weapon)
Armour
 b - a +0 robe (worn)
 c - a +2 kite shield (worn)
Wands
 f - a wand of flame (25)
Potions
 d - a potion of might


   Skills:
 + Level 3.1 Fighting
 + Level 2.9 Maces & Flails
 + Level 3.5 Dodging
 + Level 0.1 Stealth
 + Level 3.0 Shields


You had 4 spell levels left.
You didn't know any spells.
Your spell library contained the following spells:

 Spells                   Type           Power      Damage    Failure   Level
 Magic Dart               Conj           0%         1d3       90%         1
 Slow                     Hex            0%         N/A       90%         1
 Searing Ray              Conj           0%         2d4       97%         2
 Confusing Touch          Hex            0%         N/A       99%         3
 Fulminant Prism          Conj/Hex       0%         3d6       100%        4
 Yara's Violent Unravell  Hex/Tmut       0%         3d3       100%        5


Dungeon Overview and Level Annotations

Branches:
Dungeon (4/15)
 Temple: D:4-7

Altars:


Innate Abilities, Weirdness & Mutations

You are too large for most types of armour.
You have claws for hands.
Your natural rate of healing is unusually fast.
You are covered in fur. (AC +1)
You have tough skin. (AC +1)


Message History

You are too confused!
You are too confused!
You are too confused!
You bump into the rock wall.
The orc hits you but does no damage. x2
The orc priest miscasts a cantrip.
The orc wizard hits you but does no damage.
You feel drained.
You sock the orc wizard!
You kill the orc wizard!
The orc hits you with a +0 mace. The orc barely misses you.
The orc hits you with a +0 mace. The orc closely misses you.
Your life force feels restored.
You barely miss the orc.
An adder comes into view.
The orc priest barely misses you. The orc hits you with a +0 mace.
The orc hits you with a +0 flail! The orc priest closely misses you.
You miss the orc priest.
The adder hisses angrily.
The orc barely misses you. The orc completely misses you.
The orc priest hits you with a +0 hand axe.
The orc closely misses you.
You barely miss the orc priest. The orc closely misses you.
The orc priest hits you with a +0 hand axe.
The orc barely misses you. The orc hits you with a +0 flail.
The orc priest hits you with a +0 hand axe.
You bump into the rock wall.
You feel less confused. You block the orc's attack. The orc barely misses you.
You block the orc priest's attack. The orc hits you with a +0 flail.
* * * LOW HITPOINT WARNING * * *
The orc priest mumbles some strange prayers to Beogh against you.
Beogh smites you!
* * * LOW HITPOINT WARNING * * *
You feel better. The orc hits you but does no damage.
The orc priest mumbles some strange prayers to Beogh against you.
Beogh smites you!
* * * LOW HITPOINT WARNING * * *
The adder bites you.
You die...

#..## ##...# #..#.#
##....### #.......#
##oo.##.# .# #oo##
.# . #S## # ##. #@#
#..########.####...
#.##.........(.....
##
#.##.####...#######
.. #.##.# #.###
.#####.##.####.#
...#.........#.#
.#.#.........#.#
.........##..#.#


You could see an orc priest, an adder and 3 orcs.

Vanquished Creatures
  A water moccasin zombie (D:3)
  An orc wizard (D:4)
  An adder (D:2)
  A worm (D:3)
  3 dart slugs (D:1)
  An orc (D:3)
  8 ball pythons
  8 endoplasms
  6 giant cockroaches
  8 goblins
  3 hobgoblins
  4 jackals (D:2)
  5 quokkas
  9 bats
  7 frilled lizards
  4 kobolds
  7 rats
77 creatures vanquished.

Notes
Turn   | Place    | Note
-------+----------+-------------------------------------------
     0 | D:1      | SensoryNuts the Troll Fighter began the quest for the Orb.
     0 | D:1      | Reached XP level 1. HP: 22/22 MP: 0/0
    97 | D:1      | Reached XP level 2. HP: 27/29 MP: 1/1
   300 | D:1      | Reached XP level 3. HP: 36/36 MP: 2/2
  1168 | D:2      | Reached XP level 4. HP: 43/44 MP: 3/3
  1375 | D:2      | Found a faded altar of an unknown god.
  1640 | D:3      | Reached XP level 5. HP: 35/53 MP: 4/4
  2103 | D:4      | HP: 1/53 [orc priest/divine providence (13)]
  2103 | D:4      | Slain by an adder

Illustrated notes

Levels and vault maps discovered:
D:1:      beargit_arrival_diablo_church, layout_basic, minmay_pentomino_r4
D:2:      layout_loops_cross, chequers_ecumenical_altar_grove,
          minmay_fractal_squares_gapless_5
D:3:      layout_basic
D:4:      layout_loops_ring, uniq_pikel

Skill      XL: |  1  2  3  4  5 |
---------------+----------------+-----
Maces & Flails | 2 |  2.9
Dodging        | 3 |  3.5
Fighting       | 3 |  3.1
Shields        | 3 |  3.0
Stealth        | |  0.1

Action                   |  1- 3 |  4- 6 || total
-------------------------+-------+-------++-------
Melee: Flail             |   179 |    89 ||   268
  Use: Scroll            |     2 |     4 ||     6
       Potion            |       |     3 ||     3
 Stab: Distracted        |       |     1 ||     1
       Sleeping          |       |     1 ||     1
Armor: Robe              |   105 |    39 ||   144
Dodge: Dodged            |   110 |    49 ||   159
Block: Kite shield       |    92 |    31 ||   123

Table legend: (Time is in decaauts)
 A = Elapsed time spent in this place.
 B = Non-inter-level travel time spent in this place.
 C = Inter-level travel time spent in this place.
 D = Time resting spent in this place.
 E = Time spent auto-exploring this place.
 F = Levels seen in this place.
 G = Mean time per level.
                   A        B        C        D        E       F      G
               +--------+--------+--------+--------+--------+-----+--------+
         Total |   2236 |   2174 |     62 |      0 |   1521 |   4 |  559.0 |
       Dungeon |   2236 |   2174 |     62 |      0 |   1521 |   4 |  559.0 |
               +--------+--------+--------+--------+--------+-----+--------+

Top non-repeatable levels by time:
     D:1: 925 daAuts
     D:2: 819 daAuts
     D:3: 417 daAuts
     D:4: 74 daAuts
